 Dungeon Crawl Stone Soup version 0.25-a0-426-g7d9e569eea (webtiles) character file.

Game seed: 8626892443836966355, levelgen mode: deterministic

4425 ReteAZ the Cleaver (level 10, -4/61 HPs)
             Began as a Minotaur Berserker on Jan 25, 2020.
             Was an Elder of Trog.
             Killed from afar by a raiju (6 damage)
             ... with a living lightning
             ... on level 2 of the Abyss.
             The game lasted 00:13:48 (6852 turns).

ReteAZ the Cleaver (Minotaur Berserker)             Turns: 6852, Time: 00:13:48

Health: -4/61      AC: 19    Str: 17    XL:     10   Next: 14%
Magic:  7/7        EV:  7    Int:  0    God:    Trog [****..]
Gold:   321        SH:  0    Dex: 19    Spells: 9/9 levels left

rFire    . . .     SeeInvis .   E - +2 hand axe "Colich" {vamp, rC- rN+ Str-2 Dex+7} (curse)
rCold    . . .     Gourm    .   (no shield)
rNeg     + . .     Faith    .   r - +1 plate armour
rPois    .         Spirit   .   i - +2 hat
rElec    .         Reflect  .   j - scarf {cloud immunity}
rCorr    .         Harm     .   (no gloves)
MR       .....                  m - +0 pair of boots
Stlth    ..........             (no amulet)
HPRegen  0.20/turn              (no ring)
MPRegen  0.10/turn              v - ring of protection from cold

@: slowed, lost intelligence, very slow
A: retaliatory headbutt, horns 2, [blurry vision 3], [dopey 2], [frail 2], [low
mp 2], [screaming 3], [weak 2], [subdued magic 3]
a: Berserk, Trog's Hand, Brothers in Arms, Renounce Religion


You were on level 2 of the Abyss.
You worshipped Trog.
Trog was greatly pleased with you.
You were not hungry.

You visited 1 branch of the dungeon, and saw 8 of its levels.
You visited the Abyss 1 time.
You also visited: Ossuary.

You collected 521 gold pieces.
You spent 200 gold pieces at shops.

Inventory:

Hand Weapons
 a - a +0 hand axe
 D - a +0 scimitar of flaming
 E - the cursed +2 hand axe "Colich" (weapon) {vamp, rC- rN+ Str-2 Dex+7}
   (You bought it in a shop on level 7 of the Dungeon)

   It inflicts no extra harm, but heals its wielder when it wounds a living foe.
   It affects your strength (-2).
   It affects your dexterity (+7).
   It makes you vulnerable to cold.
   It protects you from negative energy.
   It has a curse placed upon it.
Armour
 b - a +0 animal skin
 d - a +0 ring mail
 i - a +2 hat (worn)
 j - a scarf of cloud immunity (worn)
 m - a +0 pair of boots (worn)
 r - a +1 plate armour (worn)
Jewellery
 v - a ring of protection from cold (right hand)
Wands
 f - a wand of digging (4)
 g - a wand of acid (5)
 n - a wand of clouds (7)
Scrolls
 e - a scroll of blinking {unknown}
 k - a scroll of amnesia {unknown}
 l - 3 scrolls of teleportation
 q - 8 scrolls of identify
 t - 3 scrolls of magic mapping
 y - a scroll of remove curse
Potions
 h - 2 potions of resistance {unknown}
 o - 2 potions of brilliance {unknown}
 p - 5 potions of heal wounds
 s - 5 potions of curing
 u - 5 potions of lignification
 w - 2 potions of might {unknown}
 x - 2 potions of haste {unknown}
 z - 2 potions of mutation {unknown}
Comestibles
 c - 20 rations
 A - 5 chunks of flesh


   Skills:
 - Level 3.6 Fighting
 * Level 14.3 Axes
 - Level 10.1 Armour
 - Level 2.1 Dodging


You had 9 spell levels left.
You didn't know any spells.
Your spell library was empty.

Dungeon Overview and Level Annotations

Branches:
Dungeon (8/15)             Temple (0/1) D:6         Ossuary (visited)
   Lair: D:8-11

Altars:
Cheibriados
Fedhas
Makhleb
Ru
Sif Muna
Uskayaw
Vehumet
Xom
Yredelemnul

Shops:
D:6 %   D:7 (

Annotations:
D:6 2 transporters, anet's ghost, novice GnWr
D:8 Psyche


Innate Abilities, Weirdness & Mutations

You reflexively headbutt those who attack you in melee.
You have a pair of horns on your head.
[Scrolls take you much longer to read.]
[You are very dopey. (Int -4)]
[You are very frail. (-20% HP)]
[Your magical capacity is very low. (-20% MP)]
[You frequently scream uncontrollably at your foes.]
[You are very weak. (Str -4)]
[Your spells are much easier to cast, but much less powerful.]


Message History

The ufetubus barely misses you. You furiously retaliate!
You headbutt the ufetubus!
You kill the ufetubus!
The small abomination hits you!
* * * LOW HITPOINT WARNING * * *
A demonic crawler comes into view.
The demonic crawler gives a hideous shriek!
The ufetubus barely misses you.
The ufetubus hits you but does no damage.
The raiju bursts into living lightning!
The living lightning misses you.
The raiju blinks!
The ufetubus hits you but does no damage. x2
A raiju comes into view.
The efreet gestures at you. The bolt of fire hits you!
* * * LOW HITPOINT WARNING * * *
A raiju comes into view. x2
The raiju bursts into living lightning!
The living lightning hits you.
You die...

.# #.. .. .. ..
.h ## .# . #..#
.# s#.#.#
.##..#.#
#..##h.##
###@§..##
#h5##R#..h.
##..x°#○# .
#.##.#°######
..#..##.* #..##
#######...5#.#.#
. ##.#*5#..# #
#. ###.. ##..
...
#.....###3#.#


You could see a demonic crawler, an efreet, 4 raiju and an ufetubus.

Vanquished Creatures
  Erica (D:8)
  Pikel (D:4)
  A kobold demonologist (D:8)
  Prince Ribbit (D:8)
  Sigmund (D:6)
  Duvessa (D:6)
  3 orc warriors (D:8)
  A sky beast (D:8)
  3 slaves (D:4)
  2 ogres
  5 centaurs
  2 bullfrogs (D:7)
  Dowan (D:6)
  2 scorpions
  3 howler monkeys (D:8)
  An electric eel (D:6)
  4 crimson imps
  A quasit (D:7)
  A centaur zombie (D:5)
  2 jellies (D:8)
  A centaur skeleton (D:6)
  3 hounds
  4 orc priests
  2 iguanas
  Ijyb (D:4)
  4 worker ants
  7 orc wizards
  A hound skeleton (D:4)
  8 mummies (Ossuary)
  4 gnolls (D:8)
  A howler monkey skeleton (D:8)
  9 adders
  A shadow imp (D:8)
  An ooze (D:5)
  2 worms
  9 dart slugs
  2 leopard geckos
  27 orcs
  2 giant cockroaches
  3 gnoll zombies (Ossuary)
  6 goblins
  7 hobgoblins
  4 jackals (D:8)
  2 quokkas
  A ball python (D:2)
  3 bats
  6 frilled lizards
  A goblin zombie (D:7)
  A hobgoblin zombie (Ossuary)
  A jackal skeleton (D:7)
  6 kobolds
  A kobold zombie (Ossuary)
  A leopard gecko skeleton (D:4)
  3 orc zombies (Ossuary)
  A quokka skeleton (D:5)
  6 rats
  A rat zombie (D:7)
180 creatures vanquished.

Vanquished Creatures (others)
  A centaur skeleton (D:4)
  An orc wizard (D:7)
  A leopard gecko (D:4)
  6 plants (D:6)
9 creatures vanquished.

Grand Total: 189 creatures vanquished

Notes
Turn   | Place    | Note
-------+----------+-------------------------------------------
     0 | D:1      | ReteAZ the Minotaur Berserker began the quest for the Orb.
     0 | D:1      | Reached XP level 1. HP: 19/19 MP: 0/0
    86 | D:1      | Reached skill level 4 in Axes
   136 | D:1      | Reached XP level 2. HP: 26/26 MP: 1/1
   712 | D:2      | Reached XP level 3. HP: 31/31 MP: 2/2
   973 | D:2      | Found a sacrificial altar of Ru.
   981 | D:2      | Reached ** piety under Trog
  1109 | D:2      | Reached skill level 5 in Axes
  1113 | D:2      | Found a radiant altar of Vehumet.
  1516 | D:3      | Reached XP level 4. HP: 39/39 MP: 3/3
  1980 | D:3      | Found a blossoming altar of Fedhas.
  2071 | D:4      | Noticed a slave
  2071 | D:4      | Noticed Pikel
  2071 | D:4      | Noticed a slave
  2072 | D:4      | Noticed a slave
  2072 | D:4      | Noticed a slave
  2079 | D:4      | Killed a slave
  2081 | D:4      | Killed a slave
  2082 | D:4      | Reached skill level 6 in Axes
  2084 | D:4      | Killed a slave
  2086 | D:4      | Killed Pikel
  2086 | D:4      | Reached skill level 8 in Axes
  2086 | D:4      | Reached skill level 5 in Armour
  2086 | D:4      | Reached XP level 5. HP: 44/45 MP: 4/4
  2086 | D:4      | Reached XP level 6. HP: 51/51 MP: 5/5
  2086 | D:4      | Reached XP level 7. HP: 57/57 MP: 6/6
  2424 | D:4      | Reached skill level 9 in Axes
  2562 | D:4      | Found a shimmering blue altar of Sif Muna.
  2565 | D:4      | Noticed Ijyb
  2577 | D:4      | Killed Ijyb
  2822 | D:5      | Entered Level 5 of the Dungeon
  3301 | D:5      | Found a snail-covered altar of Cheibriados.
  3314 | D:5      | Reached XP level 8. HP: 64/64 MP: 7/7
  3520 | D:6      | Noticed a +0 hand axe
  3521 | D:6      | Noticed a +0 hand axe
  3524 | D:6      | Found a hide-covered altar of Uskayaw.
  3529 | D:6      | Found a burning altar of Makhleb.
  3552 | D:6      | Noticed Duvessa
  3554 | D:6      | Noticed Dowan
  3563 | D:6      | Killed Duvessa
  3563 | D:6      | Reached skill level 10 in Axes
  3573 | D:6      | Killed Dowan
  3606 | D:6      | Found a transporter.
  3658 | D:6      | Found a transporter.
  3660 | D:6      | Noticed anet's ghost (novice GnWr)
  3667 | D:6      | Noticed Sigmund
  3695 | D:6      | Killed Sigmund
  3695 | D:6      | Reached *** piety under Trog
  3835 | D:6      | Found Tiaj's Food Emporium.
  3858 | D:6      | Reached skill level 11 in Axes
  4255 | D:6      | Found a staircase to the Ecumenical Temple.
  4265 | D:6      | Identified the cursed +0 scale mail of Zeun {+Blink rPois
                  | MR+ MP+9}
  4458 | D:7      | Found a sand-covered staircase.
  4465 | Ossuary  | Entered an ossuary
  4938 | D:7      | Reached XP level 9. HP: 70/70 MP: 8/8
  5151 | D:7      | Reached skill level 12 in Axes
  5546 | D:7      | Found Kamidum's Antique Weapon Emporium.
  5674 | D:7      | Found a shimmering altar of Xom.
  5674 | D:7      | Found a basalt altar of Yredelemnul.
  5834 | D:8      | Reached **** piety under Trog
  5903 | D:8      | Identified the amulet of Zizol {Harm *Contam *Drain rElec
                  | Int+5}
  5937 | D:8      | Noticed a kobold demonologist
  5946 | D:8      | Killed a kobold demonologist
  5962 | D:8      | Noticed Psyche
  5963 | D:8      | Reached skill level 13 in Axes
  6236 | D:8      | HP: 2/70 [orc warrior/+0 hand axe (16)]
  6387 | D:8      | Noticed Erica
  6419 | D:8      | Killed Erica
  6419 | D:8      | Reached skill level 10 in Armour
  6419 | D:8      | Reached XP level 10. HP: 77/77 MP: 9/9
  6468 | D:8      | Reached skill level 14 in Axes
  6637 | D:7      | Bought a crude hand axe for 200 gold pieces
  6637 | D:7      | Identified the cursed +2 hand axe "Colich" {vamp, rC- rN+
                  | Str-2 Dex+7} (You bought it in a shop on level 7 of the
                  | Dungeon)
  6726 | D:8      | Noticed Prince Ribbit
  6738 | D:8      | Killed Prince Ribbit
  6774 | D:8      | Cast into level 2 of the Abyss (Psyche)
  6801 | Abyss:2  | Noticed a wretched star
  6802 | Abyss:2  | Lost intelligence.
  6852 | Abyss:2  | HP: 2/61 [efreet/bolt of fire (11)]
  6852 | Abyss:2  | Killed from afar by a raiju

Levels and vault maps discovered:
D:1:      doesnt_arrival_eight_statues, layout_basic
D:2:      layout_basic, old_standard_altar, fiery_altar_vehumet, first_ration
D:3:      layout_basic, serial_bayou_ford_a, fedhas_altar_1
D:4:      layout_loops_ring, lemuel_crystal_altar, uniq_pikel, uniq_ijyb
D:5:      layout_basic, cheibrodos_worm_habitat, grunt_ministairs_3
D:6:      kennysheep_slugbush, layout_basic, overflow_temple_1_default,
          dancing_weapons_uskayaw, minmay_temple_entry_enclosed_plants,
          serial_shops, nicolae_shop_behind_doors,
          gammafunk_ghost_gnarly_gnolls, uniq_duvessa, uniq_sigmund
D:7:      layout_gridville, gammafunk_temple_overflow_pools, serial_shops, shop,
          enter_ossuary_4, minmay_misc_feat_more_columns
D:8:      minmay_blocky_corners, layout_cave_pools, uniq_erica, uniq_psyche,
          uniq_prince_ribbit1
Abyss:2:  base: D:1, serial_sigils_hangedman_gut

Skill      XL: |  1  2  3  4  5  6  7  8  9 10 |
---------------+-------------------------------+-----
Axes           | 4 5 8 9 11 13 14 | 14.3
Armour         | 3 5 6 8 10 | 10.1
Fighting       | |  3.6
Dodging        | |  2.1

Action                   |  1- 3 |  4- 6 |  7- 9 | 10-12 || total
-------------------------+-------+-------+-------+-------++-------
Melee: Hand axe          |    85 |    50 |   496 |    65 ||   696
       Headbutt          |     5 |     8 |    91 |    14 ||   118
Invok: Berserk           |       |     1 |     9 |       ||    10
       Trog's Hand       |       |       |     6 |     1 ||     7
  Use: Scroll            |       |       |     9 |       ||     9
       Potion            |       |       |     4 |       ||     4
  Eat: Chunk             |     2 |     2 |    21 |     2 ||    27
       Ration            |       |       |     1 |       ||     1
Armor: Animal skin       |     3 |       |       |       ||     3
       Ring mail         |    30 |    16 |     9 |       ||    55
       Plate armour      |       |       |   240 |    82 ||   322
       Skin              |       |       |     3 |       ||     3
Dodge: Dodged            |    45 |    29 |   137 |    58 ||   269

Table legend:
 A = Non-vault XP
 B = Vault XP
 C = Vault XP percentage of total XP
 D = Non-vault monster count
 E = Vault monster count
 F = Vault count percentage of total count
                 A         B        C        D         E       F
            +---------+---------+-------+---------+---------+-------
      Total |    3240 |    3082 |  48.8 |     138 |      40 |  22.5
            +---------+---------+-------+---------+---------+-------
        D:1 |      25 |       0 |   0.0 |      14 |       0 |   0.0
        D:2 |      58 |       0 |   0.0 |      14 |       0 |   0.0
        D:3 |      90 |       0 |   0.0 |      21 |       0 |   0.0
        D:4 |     240 |     699 |  74.4 |       8 |       2 |  20.0
        D:5 |     299 |      25 |   7.7 |      18 |       3 |  14.3
        D:6 |     531 |     479 |  47.4 |       8 |      10 |  55.6
        D:7 |     661 |       2 |   0.3 |      21 |       2 |   8.7
        D:8 |    1336 |    1723 |  56.3 |      34 |       7 |  17.1
    Ossuary |       0 |     154 | 100.0 |       0 |      16 | 100.0
            +---------+---------+-------+---------+---------+-------
